 Dungeon Crawl Stone Soup version 0.30-a0-1016-gfb0d676c02 (webtiles) character file.

Game seed: 6967692651309503807

6132 Newt the Markskobold (level 11, -1/68 HPs)
             Began as a Kobold Hunter on Apr 6, 2023.
             Slain by a yak (6 damage)
             ... on level 9 of the Dungeon.
             The game lasted 00:10:02 (10349 turns).

Newt the Markskobold (Kobold Hunter)               Turns: 10349, Time: 00:10:03

Health: -1/68      AC: 10    Str:  9    XL:     11   Next: 13%
Magic:  15/15      EV: 19    Int: 11    God:
Gold:   579        SH:  0    Dex: 22    Spells: 15/15 levels left

rFire   . . .      SeeInvis .    a - +0 shortbow (heavy)
rCold   . . .      Faith    .    (shield currently unavailable)
rNeg    . . .      Spirit   .    D - +0 steam dragon scales
rPois   +          Reflect  .    z - +0 helmet
rElec   .          Rampage  .    x - +0 cloak
rCorr   .                        (no gloves)
Will    .....                    n - +2 pair of boots
Stlth   +++                      (no amulet)
HPRegen 0.31/turn                k - ring of poison resistance
MPRegen 0.14/turn                y - ring of flight

@: flying
A: small, no large weapons, nightstalker 3
a: no special abilities


You were on level 9 of the Dungeon.
You visited 2 branches of the dungeon, and saw 10 of its levels.

You collected 579 gold pieces.

Inventory:

Hand Weapons
 a - a +0 heavy shortbow (weapon)
 i - a +0 sling
 o - a +0 arbalest
Missiles
 s - 3 throwing nets
Armour
 c - a +1 leather armour
 e - a +0 ring mail of fire resistance
 n - a +2 pair of boots (worn)
 x - a +0 cloak (worn)
 z - a +0 helmet (worn)
 A - a +2 buckler
 D - +0 steam dragon scales (worn)
Jewellery
 k - a ring of poison resistance (left hand)
 y - a ring of flight (right hand)
Wands
 B - a wand of acid (4)
 E - a wand of flame (1)
Scrolls
 b - a scroll of immolation
 g - 2 scrolls of teleportation
 r - 2 scrolls of amnesia
 C - a scroll of enchant armour
Potions
 d - 4 potions of might
 f - 3 potions of heal wounds
 h - a potion of flight
 j - 2 potions of attraction
 l - 2 potions of lignification
 m - 2 potions of haste
 p - 2 potions of degeneration
 q - a potion of berserk rage {unknown}
 t - a potion of ambrosia {unknown}
 u - 2 potions of curing
 v - a potion of magic {unknown}
 w - 3 potions of brilliance {unknown}


   Skills:
 - Level 8.0 Fighting
 - Level 16.0 Ranged Weapons
 - Level 6.0 Dodging
 - Level 1.3 Stealth
 + Level 2.9 Spellcasting
 + Level 2.9 Hexes
 - Level 6.0 Evocations


You had 15 spell levels left.
You didn't know any spells.
Your spell library contained the following spells:

 Spells                   Type           Power      Damage    Failure   Level
 Slow                     Hex            32%        N/A       8%          1
 Confusing Touch          Hex            8%         N/A       24%         3
 Dazzling Flash           Conj/Hex       8%         N/A       41%         3
 Cause Fear               Hex            4%         N/A       61%         4
 Vampiric Draining        Necr           1%         2d6       63%         3
 Volatile Blastmotes      Fire/Tloc      2%         2d10      63%         3
 Anguish                  Hex/Necr       2%         N/A       82%         4
 Iskenderun's Mystic Bla  Conj/Tloc      1%         2d3       95%         4
 Silence                  Hex/Air        2%         N/A       99%         5
 Agony                    Necr           1%         N/A       100%        5
 Starburst                Conj/Fire      0%         6d3       100%        6
 Enfeeble                 Hex            4%         N/A       100%        7
 Chain Lightning          Conj/Air       0%         2d1       100%        9
 Fire Storm               Conj/Fire      0%         6d1       100%        9
 Shatter                  Erth           0%         3d5*      100%        9


Dungeon Overview and Level Annotations

Branches:
Dungeon (9/15)             Temple (1/1) D:6            Lair (0/5) D:8
    Orc: D:9-12

Altars:
Ashenzari
Cheibriados
Dithmenos
Elyvilon
Fedhas
Gozag
Kikubaaqudgha
Makhleb
Nemelex Xobeh
Okawaru
Sif Muna
Uskayaw
Vehumet
Wu Jian
Xom
Yredelemnul
The Shining One

Shops:
D:5 =


Innate Abilities, Weirdness & Mutations

You are small and have problems with some larger weapons.
You are completely attuned to the shadows.


Message History

Unknown command.
You shoot an arrow. The arrow hits the yak!
The yak is almost dead.
The orc barely misses you. The orc hits you with a +0 mace.
* * * LOW HITPOINT WARNING * * *
The yak misses you.
Unknown command.
You shoot an arrow.
The arrow hits the yak but does no damage.
The yak is almost dead.
The orc hits you with a +0 mace.
* * * LOW HITPOINT WARNING * * *
The orc completely misses you. The yak gores you but does no damage.
Unknown command.
You shoot an arrow. The arrow closely misses the yak.
The orc completely misses you. The orc misses you. The yak closely misses you.
Unknown command.
You shoot an arrow. The arrow hits the yak.
The yak is almost dead.
The orc hits you with a +0 mace!
* * * LOW HITPOINT WARNING * * *
The orc hits you but does no damage. The yak closely misses you.
Unknown command.
You feel better. The orc closely misses you. The orc misses you.
The yak gores you.
* * * LOW HITPOINT WARNING * * *
Unknown command.
You shoot an arrow.
The arrow hits the yak but does no damage.
The yak is almost dead.
The orc hits you with a +0 mace.
* * * LOW HITPOINT WARNING * * *
The orc closely misses you. The yak completely misses you.
Unknown command.
You shoot an arrow.
The arrow hits the yak but does no damage.
The yak is almost dead.
The orc completely misses you. The orc hits you but does no damage.
The yak gores you.
You die...

#.... .
##...#
..#....#
....oo#
>.⌠.@.#
...Y..#
..#....#
. ##...#
#....


You could see a yak and 2 orcs.

Vanquished Creatures
  2 wyverns
  10 yaks
  6 humans (D:6)
  A wraith (D:8)
  A steam dragon (D:6)
  A water moccasin (D:7)
  A sky beast (D:7)
  4 orc warriors
  A black bear (D:4)
  An ice beast (D:7)
  2 centaurs
  2 kobold brigands
  2 gnoll sergeants
  2 scorpions
  16 wights
  A howler monkey (D:7)
  A crimson imp (D:8)
  A lava snake (D:7)
  3 hounds (D:5)
  6 orc priests
  2 gnoll boudas (D:7)
  Crazy Yiuf (D:4)
  Jessica (D:3)
  2 iguanas
  6 orc wizards
  Robin (D:4)
  23 gnolls
  7 adders
  A shadow imp (D:6)
  3 white imps
  An ufetubus (D:6)
  A worm (D:2)
  2 dart slugs
  28 orcs
  5 endoplasms
  2 giant cockroaches
  23 goblins
  15 hobgoblins
  9 jackals
  18 kobolds
  2 quokkas
  4 ball pythons
  10 bats
  3 frilled lizards
  3 rats
237 creatures vanquished.

Vanquished Creatures (collateral kills)
  A howler monkey (D:4)
1 creature vanquished.

Grand Total: 238 creatures vanquished

Notes
Turn   | Place    | Note
-------+----------+-------------------------------------------
     0 | D:1      | Newt the Kobold Hunter began the quest for the Orb.
     0 | D:1      | Reached XP level 1. HP: 12/12 MP: 1/1
   176 | D:1      | Reached XP level 2. HP: 18/18 MP: 2/2
  1005 | D:2      | Reached XP level 3. HP: 23/23 MP: 3/3
  1628 | D:2      | Reached XP level 4. HP: 30/30 MP: 4/4
  2224 | D:3      | Noticed Jessica
  2232 | D:3      | Killed Jessica
  2233 | D:3      | Reached skill level 5 in Fighting
  2324 | D:3      | Reached XP level 5. HP: 35/35 MP: 5/5
  2545 | D:3      | Reached skill level 6 in Ranged Weapons
  3044 | D:3      | Found a snail-covered altar of Cheibriados.
  3874 | D:4      | Reached skill level 7 in Ranged Weapons
  3874 | D:4      | Reached XP level 6. HP: 40/40 MP: 6/6
  3883 | D:4      | Reached skill level 8 in Ranged Weapons
  3971 | D:4      | Noticed a black bear
  3977 | D:4      | Killed a black bear
  3978 | D:4      | Reached skill level 9 in Ranged Weapons
  3978 | D:4      | Reached XP level 7. HP: 37/44 MP: 7/7
  4453 | D:4      | Found an opulent altar of Gozag.
  4654 | D:4      | Noticed Robin
  4662 | D:4      | Killed Robin
  4996 | D:4      | Found a runed translucent door.
  4999 | D:4      | Noticed Crazy Yiuf
  5183 | D:4      | Killed Crazy Yiuf
  5224 | D:5      | Entered Level 5 of the Dungeon
  5253 | D:5      | Reached skill level 10 in Ranged Weapons
  5280 | D:5      | Noticed a wyvern
  5299 | D:5      | Killed a wyvern
  5300 | D:5      | Reached XP level 8. HP: 17/49 MP: 8/8
  5514 | D:5      | Found Zauvioca's Jewellery Emporium.
  5591 | D:5      | Found an ornate altar of the Wu Jian Council.
  5718 | D:5      | Reached skill level 5 in Dodging
  5805 | D:5      | Found a hide-covered altar of Uskayaw.
  6581 | D:6      | Found an ancient bone altar of Kikubaaqudgha.
  6675 | D:6      | Found a staircase to the Ecumenical Temple.
  6697 | Temple   | Entered the Ecumenical Temple
  6835 | D:6      | Noticed a human
  6835 | D:6      | Noticed a human
  6837 | D:6      | Noticed a human
  6840 | D:6      | Killed a human
  6841 | D:6      | Killed a human
  6844 | D:6      | Noticed a human
  6845 | D:6      | Killed a human
  6846 | D:6      | Reached XP level 9. HP: 57/59 MP: 9/9
  6856 | D:6      | Reached skill level 11 in Ranged Weapons
  7560 | D:7      | Reached skill level 12 in Ranged Weapons
  7718 | D:7      | Reached skill level 13 in Ranged Weapons
  7981 | D:7      | Reached XP level 10. HP: 64/64 MP: 10/10
  8053 | D:7      | Reached skill level 14 in Ranged Weapons
  8053 | D:7      | Reached skill level 1 in Evocations
  8887 | D:7      | Reached skill level 5 in Evocations
  9410 | D:8      | Found a staircase to the Lair.
  9754 | D:8      | Found a radiant altar of Vehumet.
  9754 | D:8      | Found a burning altar of Makhleb.
  9791 | D:8      | Reached skill level 15 in Ranged Weapons
  9922 | D:8      | Reached skill level 16 in Ranged Weapons
 10160 | D:9      | Reached skill level 1 in Spellcasting
 10160 | D:9      | Reached skill level 1 in Hexes
 10171 | D:8      | Reached XP level 11. HP: 34/68 MP: 11/13
 10346 | D:9      | HP: 3/68 [orc/+0 mace (7)]
 10349 | D:9      | Slain by a yak

Illustrated notes

Levels and vault maps discovered:
D:1:      psy_arrival_radial02, layout_basic
D:2:      minmay_chambers_of_ones, layout_basic, ebering_dispersal_statue_hall
D:3:      kennysheep_the_goblin_king, layout_basic,
          lemuel_coloured_pillars_altar, uniq_jessica
D:4:      kennysheep_goblin_castle, layout_cave_pools,
          mainiacjoe_overflow_paths, minmay_goblin_kobold_house,
          uniq_crazy_yiuf_cottage
D:5:      layout_loops_cross, nicolae_uskayaw_dance_hall,
          mainiacjoe_overflow_small_starburst, serial_shops,
          kennysheep_mini_moat
D:6:      wad_pebble_path, layout_loops_ring, kiku_gazebo_pond_becter,
          minmay_temple_entry_crystal_x, minmay_ruffians
D:7:      wander_river, layout_basic, kennysheep_boxes
D:8:      layout_cave_pools, grunt_temple_overflow_lords_of_destruction,
          lair_entry_dummy
D:9:      layout_loops_ring, grunt_temple_overflow_open, reono_crystal_passage,
          grunt_ministairs_13
Temple:   nicolae_temple_ecumenical_triangle

Skill      XL: |  1  2  3  4  5  6  7  8  9 10 11 |
---------------+----------------------------------+-----
Fighting       | 3 4 5 7 8 |  8.0
Ranged Weapons | 7 9 10 13 16 | 16.0
Dodging        | 4 6 |  6.0
Evocations     | 6 |  6.0
Spellcasting   | 1 2 |  2.9
Hexes          | 1 2 |  2.9
Stealth        | |  1.3

Action                     |  1- 3 |  4- 6 |  7- 9 | 10-12 || total
---------------------------+-------+-------+-------+-------++-------
   Fire: Shortbow          |    95 |   132 |   253 |   235 ||   715
    Use: Scroll            |     3 |     5 |     3 |     5 ||    16
         Potion            |       |     1 |       |     2 ||     3
 Armour: Leather armour    |    15 |    31 |    28 |       ||    74
         Steam dragon scal |       |       |     9 |    60 ||    69
  Dodge: Dodged            |    56 |    52 |   172 |   234 ||   514

Table legend: (Time is in decaauts)
 A = Elapsed time spent in this place.
 B = Non-inter-level travel time spent in this place.
 C = Inter-level travel time spent in this place.
 D = Time resting spent in this place.
 E = Time spent auto-exploring this place.
 F = Levels seen in this place.
 G = Mean time per level.
                   A        B        C        D        E       F      G
               +--------+--------+--------+--------+--------+-----+--------+
         Total |  10525 |  10088 |    437 |   1844 |   6873 |  10 | 1052.5 |
       Dungeon |  10477 |  10050 |    427 |   1844 |   6844 |   9 | 1164.1 |
        Temple |     47 |     38 |      9 |      0 |     29 |   1 |   47.0 |
               +--------+--------+--------+--------+--------+-----+--------+

Top non-repeatable levels by time:
     D:3: 1667 daAuts
     D:8: 1456 daAuts
     D:4: 1391 daAuts
     D:7: 1379 daAuts
     D:6: 1289 daAuts
     D:2: 1235 daAuts
     D:5: 1030 daAuts
     D:1: 999 daAuts
  Temple: 47 daAuts
     D:9: 30 daAuts
